[Event "*** Titled Tuesday Blitz"]
[Site "Chess.com"]
[Date "2020.04.21"]
[Round "6"]
[White "EnergeticHay"]
[Black "drd_davi"]
[Result "0-1"]
[WhiteElo "2215"]
[BlackElo "2445"]
[TimeControl "180+1"]
[EndTime "11:09:44 PDT"]
[Termination "drd_davi won by checkmate"]

1. e4 e5 2. Nf3 Nc6 3. Bc4 Bc5 4. c3 Nf6 5. d4 exd4 6. e5 Ne4 7. Bd3 d5 8. cxd4 Bxd4 9. Nxd4 Nxd4 10. Qa4+ Nc6 11.
Bxe4 dxe4 12. Qxe4 Qd4 13. Qxd4 Nxd4 14. Na3 O-O 15. O-O Be6 16. Be3 Rfd8 17. Rfd1 Nf5 18. b3 Nxe3 19. fxe3 c6 20. Kf2 Kf8 21. Rd4 Rd5 22. Nc4 Rad8 23. Rad1 Ke7 24. Nd6 b6 25. e4 Rxd4 26. Rxd4 Rd7 27. Ke3 f6 28. exf6+ Kxf6 29. Ne8+ Ke7 30. Rxd7+ Bxd7 31. Nxg7 Kf6 32. Nh5+ Ke5 33.
Nf4 c5 34. Nd3+ Kd6 35. e5+ Ke6 36. Kf4 Bb5 37. g3 Bxd3 38. g4 Bb1 39. a3 Ba2 40. b4 cxb4 41. axb4 a5 42. bxa5 bxa5 43. Kg5 Bb1 44.
Kh6 Kxe5 45. g5 Ke6 46. h4 Kf7 47. h5 a4 48. g6+ hxg6 49. Kg5 gxh5 50. Kxh5 a3 51. Kg4 a2 52. Kf3 a1=Q 53. Ke2 Qa3 54. Kd2 Bf5 55. Ke2 Qd3+ 56. Ke1 Ke6 57. Kf2 Ke5 58.
Ke1 Kf4 59. Kf2 Be4 60. Kg1 Qd2 61. Kf1 Bd3+ 62. Kg1 Kg3 63. Kh1 Qe1# 0-1

[Event "*** Titled Tuesday Blitz"]
[Site "Chess.com"]
[Date "2020.04.21"]
[Round "6"]
[White "ElHelvetico"]
[Black "arminmusovic"]
[Result "1-0"]
[WhiteElo "2649"]
[BlackElo "2486"]
[TimeControl "180+1"]
[EndTime "11:09:45 PDT"]
[Termination "ElHelvetico won by resignation"]

1. e4 c6 2. Nc3 d5 3. d4 dxe4 4. Nxe4 Nf6 5. Nxf6+ exf6 6. c3 Bd6 7. Bd3 O-O 8. Qc2 Re8+ 9. Ne2 Kh8 10. O-O Nd7 11.
Be3 Nf8 12. Rae1 Qc7 13. Ng3 Bg4 14. h3 Be6 15. Nf5 Bh2+ 16. Kh1 Bf4 17. c4 Rad8 18. c5 Bxf5 19. Bxf5 Bxe3 20. fxe3 Qg3 21. Qd2 Ne6 22. b4 g6 23. Bc2 Ng5 24. e4 Kg7 25. Re3 Qh4 26.
Rfe1 Re7 27. d5 a6 28. d6 Re5 29. Rf1 Rd7 30. Qf2 Qxf2 31. Rxf2 h5 32. h4 Ne6 33.
g3 Nd4 34. Bd3 f5 35. Kg2 fxe4 36. Rxe4 Rxe4 37. Bxe4 f5 38. Bd3 Kf6 39. Bc4 b5 40. Rd2 Ke5 41. Bb3 Ke4 42. Rd1 Ke5 43. Re1+ Kf6 44.
Re8 Nxb3 45. axb3 Ra7 46. Rc8 Ke6 47. Rxc6 Kd7 48. Rb6 a5 49. bxa5 Rxa5 50. Rb7+ Ke6 51. Re7+ Kf6 52. c6 Ra2+ 53. Kf3 Rc2 54. c7 b4 55. Re8 Rc3+ 56. Ke2 f4 57. c8=Q Rxc8 58. Rxc8 fxg3 59. Kf3 Ke6 60. Rd8 g5 61. Kxg3 gxh4+ 62.
Kxh4 Kd5 63. d7 Kc6 1-0

[Event "*** Titled Tuesday Blitz"]
[Site "Chess.com"]
[Date "2020.04.21"]
[Round "6"]
[White "Stewie_89"]
[Black "nabukatnezarr"]
[Result "0-1"]
[WhiteElo "2626"]
[BlackElo "2500"]
[TimeControl "180+1"]
[EndTime "11:09:45 PDT"]
[Termination "nabukatnezarr won on time"]

1. e4 c5 2. Nf3 d6 3. Bb5+ Nd7 4. O-O a6 5. Bxd7+ Bxd7 6. d4 e6 7. c4 cxd4 8. Nxd4 Rc8 9. b3 g6 10. Bb2 Nf6 11. Nc3 Be7 12. Qd2 O-O 13. Rad1 Bc6 14. Qe2 Re8 15. e5 Nh5 16. Nxc6 Rxc6 17. Ne4 d5 18. g4 Nf4 19. Qe3 g5 20. Nf6+ Bxf6 21.
exf6 h6 22. h4 e5 23. hxg5 d4 24. Bxd4 hxg5 25. Bxe5 Qc8 26. f3 Rce6 27. Rfe1 Rxe5 28. Qxe5 Rxe5 29. Rxe5 Kh7 30. Rxg5 Qc6 31. Rf1 Qd6 32. Rf5 Qd4+ 33. Kh2 Ng6 34. Kg3 Qd6+ 35. Kg2 Qd2+ 36. Rf2 Qd1 37. Rh5+ Kg8 38. Rg5 Qc1 39. Rxg6+ fxg6 40. Re2 Kf7 41. Re7+ Kxf6 42. Rxb7 Qc2+ 43. Kg3 Qxa2 44.
Rb6+ Kf7 45. g5 a5 46. Rb7+ Ke6 47. Kg4 Qg2+ 48. Kf4 Qh2+ 49. Kg4 Qg2+ 50. Kf4 Qh2+ 51. Ke4 Qh5 52. Rb6+ Ke7 53. f4 Qe2+ 54. Kd5 Kd7 55. Kc5 Qe3+ 56. Kb5 Qxb3+ 57. Kxa5 Qxc4 0-1

[Event "*** Titled Tuesday Blitz"]
[Site "Chess.com"]
[Date "2020.04.21"]
[Round "6"]
[White "Yeytruyol"]
[Black "Ekka83"]
[Result "0-1"]
[WhiteElo "2384"]
[BlackElo "2281"]
[TimeControl "180+1"]
[EndTime "11:09:45 PDT"]
[Termination "Ekka83 won by resignation"]

1. e4 d5 2. exd5 Qxd5 3. Nc3 Qd6 4. Nf3 c6 5. d4 Bg4 6. Be3 Nf6 7. h3 Bh5 8. g4 Bg6 9. Ne5 e6 10. Bf4 Qd8 11. Bg2 Nbd7 12. Nxg6 hxg6 13. O-O Nd5 14. Bd2 N7f6 15. Re1 Be7 16. Qf3 Nb4 17. Ne4 Nxc2 18. Qb3 Nxa1 19. Rxa1 Qb6 20. Nxf6+ Bxf6 21. Qa3 Bxd4 22.
Rf1 Bc5 23. Qc3 O-O 24. a3 Rad8 25. b4 Bd4 26. Qc2 Be5 27. Kh1 Qd4 28. Be3 Qd3 29. Qc5 Bd4 30. Bxd4 Qxd4 31. Qa5 Rd7 32. Qa4 a6 33.
Bf3 Qd3 34. Kg2 Qb5 35. Qb3 Rfd8 36. Qc2 Rd2 37. Qe4 Qd3 38. Qf4 Qd6 39. Qe3 Rd3 40.
Qe4 Rxa3 41. Rd1 Qe7 42. Rxd8+ Qxd8 43. Qe5 Rxf3 44. Kxf3 Qd5+ 45. Kf4 Qxe5+ 46. Kxe5 b6 47. Kd6 a5 48. bxa5 bxa5 49. Kc5 Kf8 50. f3 Ke7 51. h4 Kd7 52. f4 Ke7 53. h5 gxh5 54. gxh5 Kf6 55. Kc4 Kf5 56. Kb3 Kxf4 57. Ka4 e5 58.
Kxa5 e4 59. Kb4 e3 60. Kc5 e2 61. Kd6 e1=Q 62. Kxc6 Qe5 63. h6 gxh6 64. Kd7 Ke4 65. Kd8 Kd5 0-1

[Event "*** Titled Tuesday Blitz"]
[Site "Chess.com"]
[Date "2020.04.21"]
[Round "6"]
[White "igorkovalenko"]
[Black "Tayson_7"]
[Result "1-0"]
[WhiteElo "2884"]
[BlackElo "2722"]
[TimeControl "180+1"]
[EndTime "11:09:46 PDT"]
[Termination "igorkovalenko won on time"]

1. e4 e5 2. Nf3 Nc6 3. Bb5 a6 4. Ba4 Nf6 5. O-O Be7 6. Re1 b5 7.
Bb3 d6 8. c3 O-O 9. h3 Bb7 10.
d4 Re8 11. Nbd2 Bf8 12. a3 h6 13. Bc2 Nb8 14. b4 Nbd7 15. Bb2 g6 16. c4 c5 17. bxc5 dxc5 18. d5 Rb8 19. a4 b4 20. a5 Bd6 21.
Nb3 Qc7 22. Bc1 Bf8 23. Be3 Bc8 24. Qd2 Kh7 25. Kh2 Bg7 26. Rg1 Nh5 27. g3 Qd6 28. Rg2 Rb7 29. Rh1 Rc7 30. Qc1 Ndf6 31. Kg1 Ng8 32.
Bd1 Bf8 33. Ne1 Nhf6 34. f3 Bd7 35. Qa1 Nh5 36. Nd3 Rec8 37. h4 Bg7 38. Qa2 f5 39.
exf5 gxf5 40. g4 fxg4 41. fxg4 Nf4 42. Qc2 Kh8 43. Nxf4 exf4 44. Bc1 Ba4 45. g5 f3 46.
Bxf3 Bxb3 47. Qxb3 Rf8 48. Rh3 Bd4+ 49. Kh1 Re7 50. Bd2 Qe5 51. Qd3 Rf5 52. gxh6 Nf6 53.
Rhg3 Nh5 54. Rg8+ Kh7 55. Bg4 1-0

[Event "*** Titled Tuesday Blitz"]
[Site "Chess.com"]
[Date "2020.04.21"]
[Round "6"]
[White "obliviate12"]
[Black "Gahan-MG"]
[Result "0-1"]
[WhiteElo "2763"]
[BlackElo "2608"]
[TimeControl "180+1"]
[EndTime "11:09:46 PDT"]
[Termination "Gahan-MG won by resignation"]

1. e4 Nf6 2. e5 Nd5 3. d4 d6 4. Nf3 g6 5. Be2 Bg7 6. O-O O-O 7. c4 Nb6 8. exd6 exd6 9. Nc3 Nc6 10. h3 Re8 11.
Re1 Bf5 12. a3 a5 13. b3 d5 14. c5 Nd7 15. Bg5 Nf6 16. Bb5 Rxe1+ 17. Qxe1 h6 18. Bxf6 Bxf6 19. Bxc6 bxc6 20. Ne5 Qe8 21. f4 Rb8 22. b4 Kg7 23. bxa5 Rb2 24. Ra2 Rb3 25. Re2 Qa8 26. Nd1 Rxa3 27. Ne3 Be4 28. N3g4 Rxa5 29. Kh2 Ra1 30. Qf2 Be7 31. Qe3 Ra3 32. Qd2 h5 33. Nf2 Bf5 34. Nxc6 Bh4 35. Ne5 Bg3+ 36. Kg1 Ra1+ 37.
Re1 Bxf4 38. Qc3 Rxe1+ 39. Qxe1 Qa4 40. Qd1 Qb4 41. Nf3 Be3 42. Kf1 Be4 43. Nxe4 dxe4 44. Ne5 Qxd4 45. Qxd4 Bxd4 46. Nd7 f5 47. Ke2 Kf7 48.
c6 Ke7 49. Nb8 Kd6 50. g3 Be5 51. Nd7 Bxg3 52. Nf8 g5 53. Nh7 Bf4 54. Nf6 h4 55.
Nh5 Kxc6 56. Ng7 Kd5 57. Nxf5 c5 58. Ne7+ Ke6 59. Ng6 c4 0-1

[Event "*** Titled Tuesday Blitz"]
[Site "Chess.com"]
[Date "2020.04.21"]
[Round "6"]
[White "YaWaleriy"]
[Black "viktorskliarov"]
[Result "0-1"]
[WhiteElo "2273"]
[BlackElo "2682"]
[TimeControl "180+1"]
[EndTime "11:09:46 PDT"]
[Termination "viktorskliarov won by checkmate"]

1. d4 Nf6 2. c4 e6 3. Nc3 Bb4 4. e3 b6 5. Bd3 Bb7 6. f3 Bxc3+ 7.
bxc3 Nh5 8. Ne2 Qh4+ 9. Kf1 f5 10. Bd2 O-O 11. Be1 Qe7 12. Bf2 d6 13. Qc2 Nd7 14. Ng3 Nhf6 15. h4 g6 16. h5 Kg7 17. Kg1 Qf7 18.
hxg6 hxg6 19. Kf1 Rh8 20. Ke2 c5 21. Rxh8 Rxh8 22. Rh1 Rxh1 23. Nxh1 e5 24. Qa4 a6 25. Ng3 e4 26. fxe4 fxe4 27. Bc2 Ng4 28. Be1 Ndf6 29. Qb3 b5 30. cxb5 Bd5 31. Qa3 axb5 32. Kd2 b4 33. cxb4 cxd4 34. exd4 e3+ 35. Kd1 Bxg2 36. b5 Nd5 37. Qxd6 Bf3+ 38. Kc1 e2 39. Ne4 Nge3 40. Nc5 Nxc2 41. Kxc2 Nb4+ 42. Kd2 Qxa2+ 43. Ke3 Nc2+ 44. Kf2 Nxe1 45. Qe5+ Kf7 46. Qc7+ Ke8 47. Qd7+ Kf8 48. Qd8+ Kg7 49. Qc7+ Kh6 50. Qh2+ Bh5 51. Qf4+ g5 52.
Qf6+ Bg6 53. Qh8+ Bh7 54. Qf6+ Kh5 55. Ne6 Nd3+ 56. Kg2 e1=Q+ 57. Kh3 Qh1+ 58. Kg3 Qag2# 0-1

[Event "*** Titled Tuesday Blitz"]
[Site "Chess.com"]
[Date "2020.04.21"]
[Round "6"]
[White "GelmanAlexander"]
[Black "vlad_Sid"]
[Result "1-0"]
[WhiteElo "2499"]
[BlackElo "2624"]
[TimeControl "180+1"]
[EndTime "11:09:46 PDT"]
[Termination "GelmanAlexander won by resignation"]

1. c4 c5 2. Nf3 Nc6 3. e3 Nf6 4. Be2 g6 5. d3 Bg7 6. a3 O-O 7. O-O b6 8. Nc3 d5 9. cxd5 Nxd5 10. Ne4 Bb7 11. Qc2 Rc8 12. Bd2 h6 13. Rac1 f5 14. Ng3 Kh7 15. Qb1 a5 16. Qc2 e6 17. h4 Ne5 18.
Qb3 Qd7 19. Rfd1 f4 20. Ne4 fxe3 21. fxe3 Nxf3+ 22. Bxf3 a4 23. Qc4 Bxb2 24. Rb1 Bxa3 25. h5 gxh5 26. Ng3 Rxf3 27. gxf3 Rg8 28. Kf2 Qf7 29. e4 Nb4 30. Qc3 Rf8 31. f4 Ba6 32. Be3 h4 33. Ne2 e5 34. Qxa3 exf4 35. Nxf4 Nc2 36. Qc1 Nxe3 37. Qxe3 Bc8 38. Kf3 Qh5+ 39. Kf2 Qg5 40. Rxb6 Rxf4+ 41. Ke2 Qg2+ 42. Ke1 Qf3 43.
Qxf3 Rxf3 44. Rc6 Bg4 45. Ra1 Rh3 46. Kd2 Rh2+ 47. Kc3 Bd7 48. Rc7 Kg6 49. Rxd7 h3 50.
Rxa4 Kg5 51. Ra6 Rg2 52. Rg7+ Kh5 53. Rh7 h2 54. Raxh6+ Kg4 55. Rxh2 Rg1 56. Rg7+ Kf3 57. Rxg1 1-0

[Event "*** Titled Tuesday Blitz"]
[Site "Chess.com"]
[Date "2020.04.21"]
[Round "6"]
[White "adricalderon8"]
[Black "CzechmVIII"]
[Result "1/2-1/2"]
[WhiteElo "2409"]
[BlackElo "2249"]
[TimeControl "180+1"]
[EndTime "11:09:48 PDT"]
[Termination "Game drawn - insufficient material"]

1. e4 c5 2. Nf3 d6 3. Nc3 Nc6 4.
d4 cxd4 5. Nxd4 g6 6. Be3 Bg7 7. f3 Nf6 8. Qd2 O-O 9. O-O-O d5 10. exd5 Nxd5 11. Nxc6 bxc6 12. Bd4 Nxc3 13. Qxc3 Bh6+ 14. Be3 Bxe3+ 15. Qxe3 Qb6 16. Qxe7 Be6 17. Kb1 Rad8 18. Bd3 Rd5 19. h4 Rfd8 20. h5 Bf5 21. hxg6 Bxg6 22.
Qe2 Bxd3 23. cxd3 Qd4 24. g3 Rb5 25. Rh4 Qe5 26. Re4 Qf6 27. Rh1 Rdb8 28. Rg4+ Kf8 29. b3 Rxb3+ 30. axb3 Rxb3+ 31. Ka2 Rb6 32. d4 Qf5 33.
Rg8+ Kxg8 34. Qe8+ Kg7 35. Qe5+ Qxe5 36. dxe5 Rb4 37. f4 Rd4 38. Rc1 Rd2+ 39. Kb1 Rd3 40. Rxc6 Rxg3 41. Rc7 Rf3 42. e6 Rxf4 43. Rxa7 Kf8 44.
Kc2 fxe6 45. Rxh7 Rf7 46. Rh2 Ke7 47. Kd3 Kd6 48. Ke4 Rf5 49. Rd2+ Ke7 50. Ra2 Rd5 51. Ra6 Rd6 52. Ra7+ Kf6 53. Ra5 Rd5 54. Rxd5 exd5+ 55. Kxd5 1/2-1/2

[Event "*** Titled Tuesday Blitz"]
[Site "Chess.com"]
[Date "2020.04.21"]
[Round "6"]
[White "ErikRonka"]
[Black "DinaBelenkaya"]
[Result "1-0"]
[WhiteElo "2415"]
[BlackElo "2221"]
[TimeControl "180+1"]
[EndTime "11:09:49 PDT"]
[Termination "ErikRonka won on time"]

1. e4 d5 2. exd5 Qxd5 3. Nc3 Qa5 4. d4 c6 5. Nf3 Nf6 6. Bc4 Bf5 7. Ne5 e6 8. g4 Bg6 9. h4 Be4 10. O-O Bd5 11.
Nxd5 cxd5 12. Bd3 Nc6 13. Nxc6 bxc6 14. Qf3 Bd6 15. Bg5 Nd7 16. Bf4 Qc7 17. Bxd6 Qxd6 18. Rae1 Rb8 19. b3 c5 20. c4 dxc4 21. Bxc4 cxd4 22.
Qe4 O-O 23. Kg2 Nc5 24. Qe5 Rbd8 25. Qxd6 Rxd6 26. Re5 Rc8 27. Rd1 Kf8 28. f4 a5 29.
Kf3 f6 30. Re2 Re8 31. a3 e5 32. b4 axb4 33. axb4 Na4 34. fxe5 fxe5 35. Rde1 Nc3 36. Rxe5 Rxe5 37. Rxe5 d3 38. Rf5+ Ke8 39. Re5+ Kd8 40. Bxd3 Rxd3+ 41. Kg2 Rd4 42. Rg5 g6 43. h5 Ne4 44.
Re5 Nf6 45. hxg6 Rxg4+ 46. Kh3 Rxg6 47. Ra5 Ke7 48. Ra7+ Ke6 49. b5 Rg5 50. b6 Rb5 51. b7 h5 52. Kh4 Rb4+ 53. Kg5 h4 54. b8=Q Rxb8 55. Kxh4 Rb4+ 56. Kg3 Kf5 57. Ra5+ 1-0

[Event "*** Titled Tuesday Blitz"]
[Site "Chess.com"]
[Date "2020.04.21"]
[Round "6"]
[White "konradrutkowski"]
[Black "ChrisTool2"]
[Result "0-1"]
[WhiteElo "2185"]
[BlackElo "2405"]
[TimeControl "180+1"]
[EndTime "11:09:49 PDT"]
[Termination "ChrisTool2 won by resignation"]

1. e4 c5 2. Nf3 e6 3. d3 Nc6 4.
g3 d6 5. Bg2 g6 6. O-O Bg7 7. c3 Nge7 8. d4 cxd4 9. cxd4 d5 10. e5 O-O 11. Nc3 Qb6 12. Na4 Qc7 13.
Bf4 Bd7 14. Rc1 Rac8 15. Nc5 Be8 16. Qd2 Qb6 17. a3 a5 18. Rc3 Nxd4 19. Qxd4 Nf5 20.
Qd2 Rxc5 21. Rxc5 Qxc5 22. Rc1 Qb6 23. g4 Ne7 24. Be3 Qd8 25. Bc5 Bc6 26. Bd6 Re8 27. Nd4 Qd7 28. f4 Nc8 29. Bc5 f6 30. exf6 Bxf6 31. Nf3 Bg7 32. Bd4 Nd6 33. Bxg7 Qxg7 34. Ne5 Qf6 35. g5 Qf5 36. Nxc6 bxc6 37. Rxc6 Ne4 38.
Bxe4 Qxe4 39. Rc7 Rf8 40. Qc3 d4 41. Qc6 Qe3+ 42. Kg2 Qe2+ 43. Kg3 Qe1+ 44. Kg2 Qe2+ 45. Kg3 Qe3+ 46. Kg2 Rxf4 47. Rc8+ Rf8 48. Rc7 Qe2+ 49. Kg3 Qe1+ 50. Kg2 Qd2+ 51. Kg3 Qxg5+ 52. Kh3 Qf5+ 53. Kg2 Qf2+ 54. Kh3 Qf3+ 55. Kh4 Qxc6 56. Kg5 Qxc7 0-1

[Event "*** Titled Tuesday Blitz"]
[Site "Chess.com"]
[Date "2020.04.21"]
[Round "6"]
[White "D0wnpour"]
[Black "MilanovicDan"]
[Result "1-0"]
[WhiteElo "2606"]
[BlackElo "2453"]
[TimeControl "180+1"]
[EndTime "11:09:50 PDT"]
[Termination "D0wnpour won by resignation"]

1. d4 Nf6 2. c4 c5 3. d5 b5 4. Qc2 g6 5. e4 d6 6. cxb5 Bg7 7. Nc3 a6 8. Nf3 O-O 9. Nd2 Nbd7 10.
Be2 axb5 11. Bxb5 Ba6 12. O-O Bxb5 13. Nxb5 Qa5 14. a4 Rfb8 15. Nc4 Qd8 16. Bd2 Nb6 17. Ba5 Nfd7 18. Ra3 Qc8 19. Nxb6 Nxb6 20. Bc3 Bxc3 21.
Nxc3 Nc4 22. Ra2 Rb4 23. b3 Na5 24. Ra3 c4 25. bxc4 Qxc4 26. Qd2 Nb3 27. Qe3 Nc5 28.
a5 Ra6 29. f3 Nb3 30. h4 h5 31.
Rb1 Nc5 32. Rba1 Rb2 33. Nd1 Rc2 34. Rc3 Rxc3 35. Qxc3 Qxc3 36. Nxc3 f5 37. Kf2 Kf7 38. Ke3 Kf6 39. Ra3 fxe4 40. Nxe4+ Ke5 41. Nxc5 dxc5 42. Kd3 Kxd5 43. Kc3 e5 44. Ra1 c4 45. Ra2 Kc5 46.
Re2 Kd5 47. Ra2 Kc5 48. Ra4 Kd5 49. Kb4 Ra8 50. a6 Rb8+ 51. Kc3 Ra8 52. a7 Kc5 53.
Ra5+ Kb6 54. Ra4 Rxa7 55. Rxa7 Kxa7 56. Kxc4 Kb7 57. Kd5 e4 58. fxe4 g5 59. hxg5 1-0

[Event "*** Titled Tuesday Blitz"]
[Site "Chess.com"]
[Date "2020.04.21"]
[Round "6"]
[White "doons21"]
[Black "whogeeyao"]
[Result "1-0"]
[WhiteElo "2609"]
[BlackElo "2356"]
[TimeControl "180+1"]
[EndTime "11:09:52 PDT"]
[Termination "doons21 won on time"]

1. e4 c5 2. c3 e6 3. d4 Nf6 4. e5 Nd5 5. Nf3 d6 6. Bc4 Be7 7. O-O O-O 8. Qe2 b6 9. Rd1 cxd4 10. Nxd4 Bb7 11. exd6 Qxd6 12. Nb5 Qd7 13. Bd3 Qc6 14. Nd4 Qc8 15. Qh5 g6 16. Qh6 Nd7 17. Bg5 N7f6 18. Nd2 Re8 19. N2f3 Bf8 20. Qh4 Nd7 21. Bb5 a6 22.
Bxd7 Qxd7 23. c4 Nb4 24. Ne5 Qc7 25. Ng4 f5 26. Nf6+ Kh8 27. Re1 e5 28. Nxe8 Rxe8 29. Bf6+ Bg7 30. Bxg7+ Qxg7 31. a3 Nd3 32. Re3 e4 33.
Rd1 Ne5 34. h3 Nf7 35. Ree1 Kg8 36. Ne2 Qe5 37. Nf4 Bc6 38. Nd5 Kg7 39. Qf4 Bxd5 40. Qxe5+ Rxe5 41. Rxd5 Rxd5 42. cxd5 Nd6 43. Rc1 b5 44. Rc6 Nc4 45. Rxa6 Nxb2 46. d6 Kf7 47. Ra7+ Ke6 48. d7 Ke7 49. Rb7 Nc4 50. Rxb5 Kxd7 51. Rb7+ Kc6 52. Rxh7 Nxa3 53. Rg7 Nc4 54. Rxg6+ Kd5 55.
h4 Ne5 56. h5 Nxg6 57. hxg6 Ke6 58. Kh2 Kf6 59. Kg3 Kxg6 60. Kf4 Kf6 61. g3 Kg6 62. g4 fxg4 63. Kxg4 e3 64. fxe3 Kf6 65. Kf4 Ke6 66. Ke4 1-0

[Event "*** Titled Tuesday Blitz"]
[Site "Chess.com"]
[Date "2020.04.21"]
[Round "6"]
[White "Chessmasterzt"]
[Black "olomi007"]
[Result "1/2-1/2"]
[WhiteElo "2498"]
[BlackElo "2655"]
[TimeControl "180+1"]
[EndTime "11:09:53 PDT"]
[Termination "Game drawn by stalemate"]

1. Nf3 c5 2. c4 Nc6 3. g3 g6 4. Nc3 Bg7 5. Bg2 d6 6. O-O e6 7. e3 Nge7 8. d4 O-O 9. Re1 Rb8 10. a4 cxd4 11. Nxd4 d5 12. cxd5 Nxd4 13. exd4 Nxd5 14.
Nxd5 exd5 15. Bf4 Ra8 16. Qb3 Be6 17. Qxb7 Bxd4 18. Rad1 Qf6 19. Bxd5 Bxd5 20. Qxd5 Bxb2 21. Be5 Bxe5 22. Qxe5 Qxe5 23. Rxe5 Rfd8 24. Rxd8+ Rxd8 25. Re7 a6 26. Ra7 Rd6 27. Kg2 h5 28. h4 Kg7 29.
Kf3 Kf6 30. Ke4 Ke6 31. a5 f6 32. Rg7 f5+ 33. Ke3 Kf6 34. Rb7 Ke5 35. Re7+ Kf6 36. Rc7 Re6+ 37. Kd4 g5 38. hxg5+ Kxg5 39. Rg7+ Kh6 40.
Rb7 Re4+ 41. Kd3 Ra4 42. Rb6+ Kg5 43. Rxa6 f4 44. gxf4+ Rxf4 45. Ke3 Ra4 46. Ra8 Ra3+ 47. Ke2 h4 48. a6 h3 49. a7 h2 50. Rg8+ Kf6 51. Rh8 Rxa7 52. Rxh2 Ra3 53. Rg2 Rb3 54.
Rg1 Ra3 55. Rd1 Rb3 56. f3 Ra3 57. Kf2 Rb3 58. Kg3 Rb4 59. f4 Kf5 60. Rd5+ Kf6 61. Kg4 Rb6 62. Ra5 Rc6 63. Rh5 Kg6 64. f5+ Kg7 65. Rh1 Ra6 66. Kg5 Rb6 67. Rc1 Kf7 68. Rc7+ Kf8 69. Kh5 Ra6 70. Kg4 Rb6 71. Kg5 Ra6 72. Rc5 Rb6 73. Re5 Ra6 74. Re6 Rxe6 75. fxe6 Ke7 76. Kf5 Ke8 77. Kf6 Kf8 78. Ke5 Ke7 79. Kd5 Ke8 80. Kd6 Kd8 81. e7+ Ke8 82. Ke6 1/2-1/2

[Event "*** Titled Tuesday Blitz"]
[Site "Chess.com"]
[Date "2020.04.21"]
[Round "6"]
[White "Phenix2k"]
[Black "Kimster98"]
[Result "1-0"]
[WhiteElo "2312"]
[BlackElo "2540"]
[TimeControl "180+1"]
[EndTime "11:09:53 PDT"]
[Termination "Phenix2k won by resignation"]

1. d4 Nf6 2. c4 e6 3. Nc3 Bb4 4. Qc2 d5 5. cxd5 Qxd5 6. e3 c5 7. Bd2 Bxc3 8. bxc3 O-O 9. Nf3 b6 10. Be2 Bb7 11. O-O Nbd7 12. Rfd1 Rfd8 13. Be1 Ne4 14. c4 Qd6 15. d5 Ndf6 16. dxe6 Qxe6 17. Nd2 Nxd2 18.
Rxd2 Qe4 19. Qxe4 Nxe4 20. Rc2 f6 21. f3 Nd6 22. a4 Nf5 23. Kf2 Re8 24. Bd2 Ne7 25.
a5 Nc6 26. axb6 axb6 27. Rb1 Ra6 28. Rcb2 Ba8 29. Rxb6 Rxb6 30. Rxb6 Rb8 31. Rxb8+ Nxb8 32. Bd3 g6 33. Bc3 Kf7 34. g4 Nc6 35. h4 Ne5 36. Bxe5 fxe5 37. f4 exf4 38. exf4 h6 39. Ke3 Bc6 40.
Be4 Bd7 41. f5 gxf5 42. Bxf5 Bc6 43. Kf4 Kf6 44. Be4 Be8 45. g5+ hxg5+ 46. hxg5+ Ke6 47. Bd5+ Ke7 48. Ke5 Bg6 49. Be4 Bf7 50. Bd5 Bg6 51. Bg8 Bd3 52. Kd5 Kf8 53. Be6 Ke7 54. Bg4 Kf7 55.
Bh5+ Ke7 56. Kxc5 Ke6 57. Bg4+ Ke5 58. Bh5 Kf5 59. g6 Kf6 60. Kd5 Bf5 61. c5 Be6+ 62.
Kd6 Bc4 63. c6 Kg5 64. c7 Ba6 65. g7 Kxh5 66. g8=Q 1-0

[Event "*** Titled Tuesday Blitz"]
[Site "Chess.com"]
[Date "2020.04.21"]
[Round "6"]
[White "TV27"]
[Black "matiss90"]
[Result "0-1"]
[WhiteElo "2144"]
[BlackElo "2493"]
[TimeControl "180+1"]
[EndTime "11:09:53 PDT"]
[Termination "matiss90 won on time"]

1. e4 c5 2. Nf3 d6 3. c3 Nf6 4. Qc2 Nc6 5. Be2 g6 6. O-O Bg7 7. d3 O-O 8. Na3 Rb8 9. c4 a6 10. Be3 b5 11. Qd2 Ng4 12. cxb5 Nxe3 13. fxe3 axb5 14. d4 cxd4 15. exd4 b4 16. Nc2 b3 17.
axb3 Rxb3 18. Bc4 Rxb2 19. Rab1 Rxb1 20. Rxb1 h6 21. h3 Qa5 22. Qxa5 Nxa5 23. Bd3 Be6 24. d5 Bd7 25. Kf2 Rc8 26. Ke3 Nc4+ 27. Bxc4 Rxc4 28. Ncd4 Rc3+ 29. Kd2 Bxd4 30. Nxd4 Rg3 31. Rb8+ Kg7 32. Rb7 Rxg2+ 33. Ke3 Bxh3 34. Rxe7 Kf6 35. Re8 Bd7 36. Rd8 Ke7 37. Ra8 h5 38. Ra7 Ke8 39. Ra8+ Ke7 40. Ra7 Kd8 41. Nc6+ Bxc6 42. dxc6 h4 43.
Rxf7 h3 44. Rh7 g5 45. Kd4 g4 46. Kd5 Rd2+ 47. Ke6 Kc8 48. c7 h2 49. Ke7 Kxc7 50. Ke6+ Kc6 51. Kf5 g3 52. Kf4 g2 53.
Rxh2 g1=Q 54. Rxd2 Qc1 55. Ke3 Kc5 56. Ke2 Qc4+ 57.
Ke3 Qc3+ 58. Rd3 Qe1+ 59. Kf3 Qf1+ 0-1

[Event "*** Titled Tuesday Blitz"]
[Site "Chess.com"]
[Date "2020.04.21"]
[Round "6"]
[White "davigator"]
[Black "Alexchess1984"]
[Result "0-1"]
[WhiteElo "2394"]
[BlackElo "2577"]
[TimeControl "180+1"]
[EndTime "11:09:54 PDT"]
[Termination "Alexchess1984 won by resignation"]

1. e4 c5 2. Nf3 Nc6 3. d4 cxd4 4.
Nxd4 g6 5. Nxc6 bxc6 6. Qd4 Nf6 7. e5 Nd5 8. Bc4 Bg7 9. Qe4 O-O 10. O-O d6 11.
exd6 Qxd6 12. Nd2 Bf5 13. Qf3 Bxc2 14. Ne4 Bxe4 15. Qxe4 e6 16. Qf3 Rab8 17. Bxd5 Qxd5 18. Qa3 Bd4 19. Rb1 Rb5 20. Bh6 Bg7 21. Bxg7 Kxg7 22.
Qxa7 Ra5 23. Qc7 Rxa2 24. Rbd1 Qb5 25. Rc1 Rxb2 26. Rxc6 Ra8 27. g3 Raa2 28. Rc5 Qe2 29. Qe5+ Qxe5 30. Rxe5 Kf6 31. Re3 g5 32. h3 h5 33. Kg2 Kg6 34. Kg1 Rb5 35. Kg2 Rf5 36.
Kg1 g4 37. h4 Rf3 38. Re5 Rf5 39. Re3 Rfa5 40. Kg2 Ra1 41. Rxa1 Rxa1 42. Re5 Rd1 43.
Rg5+ Kh6 44. Re5 Rd5 45. Re3 Kg6 46. Re4 e5 47. Re1 f5 48. Ra1 f4 49. gxf4 exf4 50. Ra8 Rd2 51. Rg8+ Kf7 52. Kg1 Rd1+ 53. Kg2 f3+ 54. Kh2 Rf1 55. Ra8 Rxf2+ 56. Kg1 Rg2+ 57. Kh1 Re2 58. Ra4 Kg6 59. Rf4 Rd2 60. Kg1 Rd6 61. Kf2 Rf6 62. Ra4 Re6 63. Ra5 Re2+ 64. Kf1 Rh2 65.
Rg5+ Kh6 66. Kg1 Rxh4 67. Ra5 g3 68. Rf5 f2+ 69. Kg2 Rg4 70. Rf8 Rg7 71. Rf6+ Kg5 72. Ra6 h4 73. Ra5+ Kh6 74. Ra6+ Rg6 75. Ra1 Rf6 76.
Rh1 f1=Q+ 77. Rxf1 Rxf1 0-1

[Event "*** Titled Tuesday Blitz"]
[Site "Chess.com"]
[Date "2020.04.21"]
[Round "6"]
[White "abhijeetgupta1016"]
[Black "Shahinyan_ChessMood"]
[Result "1-0"]
[WhiteElo "2908"]
[BlackElo "2662"]
[TimeControl "180+1"]
[EndTime "11:09:55 PDT"]
[Termination "abhijeetgupta1016 won by resignation"]

1. d4 e6 2. c4 f5 3. Nf3 Nf6 4. e3 d5 5. Bd3 c6 6. b3 Bd6 7. O-O Qe7 8. a4 a5 9. Ba3 Bxa3 10.
Nxa3 O-O 11. Nc2 Na6 12. Ne5 Nd7 13. f4 Nxe5 14. dxe5 b6 15. cxd5 cxd5 16. Nd4 Nc5 17. Rf2 Bd7 18. Rc1 Rac8 19. Rfc2 Rc7 20. Bf1 Rfc8 21.
Qd2 Ne4 22. Qd3 Rxc2 23. Rxc2 Rxc2 24. Qxc2 Qc5 25. Bd3 Qxc2 26. Bxc2 Nc5 27. Kf2 Kf7 28. Kf3 Bc8 29. g4 g6 30. h4 Ba6 31. h5 Bd3 32.
Bxd3 Nxd3 33. h6 Nc5 34. g5 Ke7 35. Ke2 Kd7 36. Kd2 Na6 37. Kc3 Nb4 38. Nb5 Nc6 39. Nd6 Kd8 40. Nb5 Kd7 41. Na3 Nb4 42. Nb1 Kc6 43.
Nd2 Kc5 44. Nf3 Nc6 45. Ne1 Nb4 46. Ng2 Nc6 47. Ne1 Nb4 48. Nf3 Nc6 49. Nd2 Nb4 50.
Nb1 Nc6 51. Na3 Ne7 52. Nb5 Kc6 53. b4 axb4+ 54. Kxb4 Kd7 55. Nd6 d4 56. e4 fxe4 57.
Nxe4 Nd5+ 58. Kc4 Nxf4 59. Nf6+ Ke7 60. Kxd4 Nh3 61. Nxh7 Kf7 62. Kc4 Nf2 63. Nf6 Nd1 64. Ne4 Ne3+ 65. Kb5 Ng4 66. Kxb6 Nxe5 67. a5 Nc4+ 1-0

[Event "*** Titled Tuesday Blitz"]
[Site "Chess.com"]
[Date "2020.04.21"]
[Round "6"]
[White "fabianvivasz"]
[Black "GianmarcoVaR"]
[Result "1-0"]
[WhiteElo "2371"]
[BlackElo "2550"]
[TimeControl "180+1"]
[EndTime "11:09:55 PDT"]
[Termination "fabianvivasz won on time"]

1. e4 c6 2. d4 d5 3. exd5 cxd5 4. c4 Nf6 5. Nc3 e6 6. Nf3 Bb4 7. cxd5 Nxd5 8. Qc2 Nc6 9. Bd3 Nf6 10. O-O Be7 11.
Rd1 Nb4 12. Bb5+ Bd7 13. Bxd7+ Qxd7 14. Qb3 O-O 15. Ne5 Qc8 16. Bg5 h6 17. Bxf6 gxf6 18. Nd3 Nxd3 19. Rxd3 f5 20. Rh3 Bf6 21. Rxh6 Bxd4 22.
Ne2 Bg7 23. Rh3 Qc7 24. Rc1 Qe5 25. Re3 Qxb2 26. Qxb2 Bxb2 27. Rb1 Rfd8 28. g4 f4 29. Nxf4 Bd4 30. Rf3 Rab8 31. Kg2 b5 32. Ne2 Be5 33. Rfb3 a6 34. f4 Rd2 35. Kf3 Bd6 36. a4 b4 37.
a5 Ra2 38. h4 Rxa5 39. h5 Ra2 40. Ng3 a5 41. Ne4 Be7 42. f5 a4 43. Rd3 Rc2 44.
f6 Bf8 45. g5 a3 46. g6 a2 47.
Rg1 b3 48. Nd6 Bxd6 49. Rxd6 Rc3+ 50. Kf4 Rb4+ 51. Kg5 Rb8 52. Kh6 b2 53. Rd7 b1=Q 54.
gxf7+ Kh8 55. Rxb1 1-0